 Dungeon Crawl Stone Soup version 0.25-a0-317-g5f8687bca5 (webtiles) character file.

Game seed: 12087191520484330933, levelgen mode: classic

384 Borgoz the Shield-Bearer (level 6, -2/58 HPs)
             Began as a Gargoyle Fighter on Dec 25, 2019.
             Killed from afar by Ijyb (21 damage)
             ... with a bolt of acid
             ... on level 4 of the Dungeon.
             The game lasted 00:04:44 (4203 turns).

Borgoz the Shield-Bearer (Gargoyle Fighter)         Turns: 4203, Time: 00:04:45

Health: -2/58      AC:  7    Str: 24    XL:     6   Next: 77%
Magic:  6/6        EV:  8    Int:  9    God:
Gold:   174        SH: 10    Dex: 11    Spells: 5/5 levels left

rFire    + . .     SeeInvis .   a - +0 flail
rCold    . . .     Gourm    .   c - +0 shield
rNeg     + . .     Faith    .   b - +0 scale mail
rPois    ∞         Spirit   .   (no helmet)
rElec    +         Reflect  .   (no cloak)
rCorr    .         Harm     .   (no gloves)
MR       .....                  (no boots)
Stlth    ..........             (no amulet)
HPRegen  0.19/turn              o - ring of protection from fire
MPRegen  0.10/turn              (no ring)

@: berserking, corroded, very quick
A: negative energy resistance 1, electricity resistance, unbreathing,
petrification resistance, rot immunity, AC +4
a: no special abilities


You were on level 4 of the Dungeon.
You were not hungry.

You visited 1 branch of the dungeon, and saw 5 of its levels.

You collected 174 gold pieces.

Inventory:

Hand Weapons
 a - a +0 flail (weapon)
Armour
 b - a +0 scale mail (worn)
 c - a +0 shield (worn)
Jewellery
 o - a ring of protection from fire (left hand)
Scrolls
 e - 2 scrolls of magic mapping
 i - a scroll of immolation {unknown}
 j - 3 scrolls of remove curse {unknown}
 l - a scroll of enchant weapon {unknown}
 m - a scroll of enchant armour {unknown}
 q - 2 scrolls of noise {unknown}
 s - 4 scrolls of teleportation {unknown}
Potions
 d - 3 potions of might
 h - 3 potions of curing {unknown}
 k - a potion of brilliance
 p - a potion of mutation
 r - a potion of lignification
Comestibles
 f - 11 rations
 n - 2 chunks of flesh


   Skills:
 + Level 4.3 Fighting
 * Level 4.3 Maces & Flails
 + Level 4.4 Armour
 + Level 2.0 Dodging
 + Level 4.4 Shields


You had 5 spell levels left.
You didn't know any spells.
Your spell library was empty.

Dungeon Overview and Level Annotations

Branches:
Dungeon (5/15)
 Temple: D:4-7

Altars:
Dithmenos
Ru

Annotations:
D:4 Ijyb


Innate Abilities, Weirdness & Mutations

You are resistant to torment.
Your stone body is resilient. (AC +4)
You are immune to poison.
You resist negative energy. (rN+)
You are resistant to electric shocks. (rElec)
You can survive without breathing.
You are immune to petrification.
You are immune to rotting.


Message History

You hit Ijyb but do no damage.
Ijyb is moderately wounded.
Ijyb hits you but does no damage.
You barely miss Ijyb.
Ijyb is moderately wounded.
You block Ijyb's attack. Ijyb hits you but does no damage.
You barely miss Ijyb.
Ijyb is moderately wounded.
You block Ijyb's attack.
You hit Ijyb but do no damage.
Ijyb is moderately wounded.
Ijyb hits you but does no damage.
You hit Ijyb.
Ijyb is moderately wounded.
Ijyb hits you but does no damage.
Ijyb zaps a wand.
The bolt of acid hits you! The acid corrodes you!
You are splashed with acid!
A red film seems to cover your vision as you go berserk!
You feel yourself moving faster!
You feel mighty!
Ijyb zaps a wand.
The bolt of acid hits you!!
You die...

***,*
#.##.....########.....,,..
*,* #.##..##.# #..<...,..
*,* #.##..##.# #....####.
*,** #.##..##.# #..#.####.
*,,* #.##..##.###
#..#(##... **,*
#..........# #..#.##.<[
*,* #####....#.#
#.,#.....[ *,*
###..#.######..#......
****,**
#.g@......#.........
,,,,,,*
#.##.####)##........
,****,* #.#*.#
*,*###....>. ,,,**,*
#)#*.# *,* ####†## ,*,**,*
#g#*.#***,* #.# ,,,,*,*
#.#*..,**.#######.##
,,*,*,**
#..,..,,,...........
,,*,,,,*
****..,**.##.#######
,*,*,*,** *,****,**,* #


You could see Ijyb.

Vanquished Creatures
  A crimson imp (D:3)
  3 orc wizards (D:3)
  2 orc priests
  2 worker ants
  5 adders
  An adder skeleton (D:4)
  2 worms
  4 dart slugs
  2 leopard geckos (D:2)
  16 orcs
  6 bats
  4 giant cockroaches
  6 goblins
  5 hobgoblins (D:1)
  4 jackals
  3 quokkas
  4 ball pythons
  8 frilled lizards
  6 kobolds
  7 rats
91 creatures vanquished.

Vanquished Creatures (others)
  A quokka skeleton (D:4)
1 creature vanquished.

Grand Total: 92 creatures vanquished

Notes
Turn   | Place    | Note
-------+----------+-------------------------------------------
     0 | D:1      | Borgoz the Gargoyle Fighter began the quest for the Orb.
     0 | D:1      | Reached XP level 1. HP: 14/14 MP: 1/1
   274 | D:1      | Reached XP level 2. HP: 8/19 MP: 2/2
   886 | D:1      | Reached XP level 3. HP: 23/23 MP: 3/3
  1208 | D:3      | Reached skill level 1 in Dodging
  1208 | D:3      | Reached XP level 4. HP: 29/29 MP: 4/4
  1807 | D:3      | Found a sacrificial altar of Ru.
  2051 | D:3      | Reached XP level 5. HP: 21/33 MP: 5/5
  2287 | D:3      | Found a shadowy altar of Dithmenos.
  2927 | D:3      | Reached XP level 6. HP: 22/38 MP: 6/6
  3921 | D:5      | Entered Level 5 of the Dungeon
  4190 | D:4      | Noticed Ijyb
  4203 | D:4      | Killed from afar by Ijyb

Levels and vault maps discovered:
D:1:      lemuel_arrival_tunnels, layout_basic
D:2:      wander_river, layout_loops_ring
D:3:      layout_basic, grunt_dithmenos_smoke, first_ration,
          nicolae_ru_sacrificial_ziggurat
D:4:      layout_loops_ring, minmay_manual_monstrance, uniq_ijyb
D:5:      layout_cave_pools, gammafunk_temple_overflow_wave,
          kennysheep_mini_moat, zin_statuary, temple_statues, basic_altar,
          kennysheep_another_room, corexii_shack, uniq_eustachio,
          uniq_prince_ribbit1

Skill      XL: |  1  2  3  4  5  6 |
---------------+-------------------+-----
Maces & Flails | 3 4 |  4.3
Dodging        | 1 2 |  2.0
Shields        | 4 |  4.4
Armour         | 4 |  4.4
Fighting       | 4 |  4.3

Action                   |  1- 3 |  4- 6 || total
-------------------------+-------+-------++-------
Melee: Flail             |    86 |   280 ||   366
  Use: Scroll            |       |     5 ||     5
       Potion            |       |     2 ||     2
  Eat: Chunk             |     1 |    10 ||    11
Armor: Scale mail        |    47 |   146 ||   193
Dodge: Dodged            |    27 |    89 ||   116
Block: Shield            |    48 |   158 ||   206

Table legend:
 A = Non-vault XP
 B = Vault XP
 C = Vault XP percentage of total XP
 D = Non-vault monster count
 E = Vault monster count
 F = Vault count percentage of total count
                 A         B        C        D         E       F
            +---------+---------+-------+---------+---------+-------
      Total |     549 |       0 |   0.0 |      91 |       0 |   0.0
            +---------+---------+-------+---------+---------+-------
        D:1 |      37 |       0 |   0.0 |      23 |       0 |   0.0
        D:2 |      71 |       0 |   0.0 |      22 |       0 |   0.0
        D:3 |     340 |       0 |   0.0 |      36 |       0 |   0.0
        D:4 |     101 |       0 |   0.0 |      10 |       0 |   0.0
            +---------+---------+-------+---------+---------+-------
